 Dungeon Crawl Stone Soup version 0.29-a0-410-g9596d59a08 (webtiles) character file.

Game seed: 3413612832941682518

2435 Bruhh the Fighter (level 9, -5/97 HPs)
             Began as an Ogre Earth Elementalist on May 14, 2022.
             Was a Believer of Vehumet.
             Slain by a hornet (16 damage)
             ... while paralysed by a hornet
             ... on level 7 of the Dungeon.
             The game lasted 00:10:18 (8048 turns).

Bruhh the Fighter (Ogre Earth Elementalist)         Turns: 8048, Time: 00:10:19

Health: -5/97      AC:  3    Str: 12 (14) XL:     9   Next: 49%
Magic:  3/21       EV:  1    Int: 17 (20) God:    Vehumet [**....]
Gold:   272        SH:  0    Dex:  7 (9)  Spells: 18/24 levels left

rFire   . . .      SeeInvis .   u - +4 spear (freeze)
rCold   . . .      Faith    .   (no shield)
rNeg    . . .      Spirit   .   y - +0 robe "Ammytaj" {rElec}
rPois   .          Reflect  .   (helmet restricted)
rElec   +          Harm     .   (no cloak)
rCorr   .          Rampage  .   (gloves unavailable)
Will    .....                   (boots unavailable)
Stlth   +.........              h - amulet of the acrobat
HPRegen 0.26/turn               (no ring)
MPRegen 0.17/turn               (no ring)

@: paralysed, lethally poisoned (-5 -> -23), very slightly contaminated, slowed
A: large, unfitting armour, tough skin 1
a: Renounce Religion


You were on level 7 of the Dungeon.
You worshipped Vehumet.
Vehumet was pleased with you.
You visited 2 branches of the dungeon, and saw 9 of its levels.

You collected 272 gold pieces.

Inventory:

Hand Weapons
 l - a +0 quarterstaff
 u - a +4 spear of freezing (weapon)
Missiles
 a - 27 stones
 m - 8 poisoned darts
 t - 4 atropa-tipped darts
 A - a throwing net
Armour
 b - a +0 robe
 y - the +0 robe "Ammytaj" (worn) {rElec}
   (You found it on level 5 of the Dungeon)

   rElec:     It insulates you from electricity.
Jewellery
 h - an amulet of the acrobat (around neck)
 D - a +6 ring of dexterity
Wands
 k - a wand of paralysis (1)
 n - a wand of polymorph (5)
 w - a wand of flame (69)
Scrolls
 c - a scroll of noise {unknown}
 d - 2 scrolls of summoning {unknown}
 g - a scroll of vulnerability {unknown}
 i - 2 scrolls of magic mapping {unknown}
 j - 4 scrolls of identify {unknown}
 o - a scroll of blinking {unknown}
 p - 2 scrolls of teleportation {unknown}
 r - a scroll of fog {unknown}
 x - 3 scrolls of brand weapon {unknown}
 B - 2 scrolls of poison {unknown}
 C - a scroll of immolation {unknown}
Potions
 e - a potion of brilliance {unknown}
 f - a potion of flight {unknown}
 q - 2 potions of degeneration
 s - a potion of berserk rage {unknown}
 v - a potion of attraction


   Skills:
 + Level 8.3 Fighting
 - Level 1.7 Dodging
 - Level 1.4 Stealth
 - Level 8.0 Spellcasting
 - Level 6.0 Conjurations
 - Level 0.8 Transmutations
 - Level 5.0 Earth Magic


You had 18 spell levels left.
You knew the following spells:

 Your Spells              Type           Power      Damage    Failure   Level
a - Sandblast             Erth           46%        2d11      1%          1
b - Stone Arrow           Conj/Erth      50%        3d10      3%          3
c - Static Discharge      Conj/Air       17%        N/A       4%          2

Your spell library contained the following spells:

 Spells                   Type           Power      Damage    Failure   Level
 Passwall                 Tmut/Erth      13%        N/A       4%          2
 Blink                    Tloc           12%        N/A       16%         2
 Scorch                   Fire           12%        2d5       16%         2
 Inner Flame              Hex/Fire       6%         N/A       30%         3
 Lesser Beckoning         Tloc           6%         N/A       30%         3
 Flame Wave               Conj/Fire      17%        2d6       30%         4
 Petrify                  Tmut/Erth      16%        N/A       30%         4
 Cause Fear               Hex            3%         N/A       71%         4
 Olgreb's Toxic Radiance  Pois           6%         N/A       71%         4
 Manifold Assault         Tloc           6%         N/A       96%         5
 Summon Cactus Giant      Summ           3%         N/A       100%        6
 Ozocubu's Refrigeration  Ice            3%         4d5       100%        7
 Discord                  Hex            3%         N/A       100%        8
 Ignition                 Fire           3%         3d4       100%        8


Dungeon Overview and Level Annotations

Branches:
Dungeon (8/15)             Temple (1/1) D:5
   Lair: D:8-11

Altars:
Dithmenos
Ru
Sif Muna
Uskayaw
Vehumet
Zin

Annotations:
D:4 1 runed translucent door, Sat's ghost, novice HOBe


Innate Abilities, Weirdness & Mutations

You are too large for most types of armour.
You have tough skin. (AC +1)


Message History

The hornet stings you.
You suddenly lose the ability to move!
The hornet stings you!
You feel yourself slow down.
You feel sick. The hornet stings you.
You feel as though you will be slow longer.
The hornet stings you!
You feel as though you will be slow longer.
You can move again.
Casting: Stone Arrow (mildly dangerous; 3% risk of failure)
Confirm with . or Enter, or press ? or * to list all spells.
Aiming: Stone Arrow (mildly dangerous; 3% risk of failure)
Press: ? - help, Shift-Dir - straight line, f/p - hornet
Aim: a hornet (heavily wounded, 57% to hit)
The stone arrow misses the hornet.
You feel sick.
The hornet stings you but does no damage.
The hornet stings you.
You shrug off the repeated paralysis!
Unknown command.
Casting: Stone Arrow (mildly dangerous; 3% risk of failure)
Confirm with . or Enter, or press ? or * to list all spells.
Okay, then.
Casting: Stone Arrow (mildly dangerous; 3% risk of failure)
Confirm with . or Enter, or press ? or * to list all spells.
The hornet is struck by an arc of lightning!
The hornet is severely wounded.
You resist.
You are struck by an arc of lightning.
You feel sick. The hornet stings you!
* * * LOW HITPOINT WARNING * * *
You are more poisoned.
You feel as though you will be slow longer.
The hornet closely misses you.
Casting: Static Discharge (safe; 4% risk of failure)
Confirm with . or Enter, or press ? or * to list all spells.
The hornet is struck by an arc of lightning.
The hornet is almost dead.
You resist.
You are struck by an arc of lightning.
You feel very sick. The hornet stings you!
* * * LOW HITPOINT WARNING * * *
You are lethally poisoned!
You suddenly lose the ability to move!
The hornet stings you!
You die...

########### #.........#
#.........# ###
#.........#
....>######.........####
......y@................
.....######.............
.## ###.#.########
########.#.#
...........#
......<.#.##
........#.####
.......).....#
........#.##...


You could see a hornet.

Vanquished Creatures
  Sigmund (D:6)
  A steam dragon (D:7)
  A water moccasin (D:6)
  3 sky beasts
  An orc warrior (D:6)
  2 black bears
  3 ogres
  A centaur (D:5)
  3 bullfrogs
  2 hounds
  3 jellies
  3 orc priests
  2 gnoll shamans (D:5)
  2 iguanas (D:4)
  6 orc wizards
  Robin (D:3)
  19 gnolls
  12 adders
  A white imp (D:6)
  2 ufetubi
  3 worms
  A dart slug (D:5)
  21 orcs
  10 endoplasms
  3 giant cockroaches
  11 goblins
  6 hobgoblins
  8 jackals
  5 kobolds
  4 quokkas
  7 ball pythons
  5 bats
  3 frilled lizards
  4 rats
160 creatures vanquished.

Vanquished Creatures (others)
  An orc wizard (D:7)
1 creature vanquished.

Grand Total: 161 creatures vanquished

Notes
Turn   | Place    | Note
-------+----------+-------------------------------------------
     0 | D:1      | Bruhh the Ogre Earth Elementalist began the quest for the
                  | Orb.
     0 | D:1      | Reached XP level 1. HP: 16/16 MP: 3/3
   346 | D:1      | Reached XP level 2. HP: 24/24 MP: 3/5
   897 | D:1      | Reached XP level 3. HP: 31/31 MP: 5/7
  2042 | D:3      | Noticed Robin
  2069 | D:2      | Learned a level 3 spell: Stone Arrow
  2124 | D:3      | Reached XP level 4. HP: 35/39 MP: 4/9
  2381 | D:3      | Reached XP level 5. HP: 17/45 MP: 0/11
  2662 | D:3      | Killed Robin
  3083 | D:4      | Reached skill level 5 in Spellcasting
  3145 | D:4      | Found a runed translucent door.
  3150 | D:4      | Noticed Sat's ghost (novice HOBe)
  3353 | D:4      | Reached skill level 1 in Conjurations
  3362 | D:4      | Reached XP level 6. HP: 53/53 MP: 7/13
  4200 | D:5      | Entered Level 5 of the Dungeon
  4203 | D:5      | Found a staircase to the Ecumenical Temple.
  4228 | Temple   | Entered the Ecumenical Temple
  4249 | Temple   | Became a worshipper of Vehumet
  4301 | D:5      | Reached skill level 5 in Earth Magic
  4345 | D:5      | Reached XP level 7. HP: 59/59 MP: 11/14
  4445 | D:5      | Identified the +0 robe "Ammytaj" {rElec}
  5467 | D:5      | Found a shadowy altar of Dithmenos.
  5678 | D:6      | Reached XP level 8. HP: 67/67 MP: 7/17
  5799 | D:6      | Reached skill level 5 in Conjurations
  5928 | D:6      | Noticed Sigmund
  5930 | D:6      | Killed Sigmund
  5930 | D:6      | Reached * piety under Vehumet
  5930 | D:6      | Offered knowledge of Magic Dart by Vehumet.
  6161 | D:6      | Reached skill level 1 in Fighting
  6533 | D:6      | You fall into a shaft and drop 2 floors!
  6538 | D:8      | Reached XP level 9. HP: 84/84 MP: 18/21
  6799 | D:8      | Reached skill level 5 in Fighting
  7336 | D:7      | HP: 3/92 [orc priest/divine providence (15)]
  7341 | D:7      | HP: 3/92 [orc priest/divine providence (13)]
  7708 | D:7      | Reached ** piety under Vehumet
  7708 | D:7      | Offered knowledge of Static Discharge by Vehumet.
  7712 | D:7      | Learned a level 2 spell: Static Discharge
  8039 | D:7      | Noticed a hornet
  8044 | D:7      | Paralysed by a hornet for 2 turns
  8048 | D:7      | Paralysed by a hornet for 2 turns
  8048 | D:7      | Slain by a hornet

Illustrated notes

Levels and vault maps discovered:
D:1:      dpeg_arrival_windows_large_door, layout_loops_corners,
          minmay_pentomino_s2
D:2:      layout_rooms
D:3:      layout_basic, uniq_robin
D:4:      layout_loops_ring, hellmonk_ghost_happy_afterlife
D:5:      layout_basic, nicolae_dithmenos_the_darkroom,
          minmay_temple_entry_slanted
D:6:      layout_rooms, nrook_mini_vaults, uniq_sigmund
D:7:      layout_rooms, nicolae_hepliaklqana_monster_ancestors,
          lemuel_zombie_altar_kikubaaqudgha
D:8:      layout_basic, minmay_lindwurm_lava, uniq_maurice, uniq_pikel
Temple:   compressed_dpeg_circular_temple

Skill      XL: |  1  2  3  4  5  6  7  8  9 |
---------------+----------------------------+-----
Earth Magic    | 3 4 5 |  5.0
Spellcasting   | 3 4 5 6 8 |  8.0
Conjurations   | 1 3 4 6 |  6.0
Fighting       | 4 8 |  8.3
Dodging        | |  1.7
Stealth        | |  1.4
Transmutations | |  0.8

Action                   |  1- 3 |  4- 6 |  7- 9 || total
-------------------------+-------+-------+-------++-------
Melee: Unarmed           |     2 |       |       ||     2
       Quarterstaff      |    17 |     6 |    23 ||    46
Throw: Dart              |       |       |     8 ||     8
 Cast: Sandblast         |    53 |    90 |   111 ||   254
       Stone Arrow       |       |     1 |    51 ||    52
       Static Discharge  |       |       |     2 ||     2
Evoke: Wand              |       |       |     1 ||     1
  Use: Potion            |     2 |       |    10 ||    12
 Stab: Invisible         |       |       |     1 ||     1
Armor: Robe              |    28 |    18 |    15 ||    61
Dodge: Dodged            |    51 |    30 |    56 ||   137

Table legend: (Time is in decaauts)
 A = Elapsed time spent in this place.
 B = Non-inter-level travel time spent in this place.
 C = Inter-level travel time spent in this place.
 D = Time resting spent in this place.
 E = Time spent auto-exploring this place.
 F = Levels seen in this place.
 G = Mean time per level.
                   A        B        C        D        E       F      G
               +--------+--------+--------+--------+--------+-----+--------+
         Total |   8062 |   7886 |    176 |    291 |   6475 |   9 |  895.8 |
       Dungeon |   8032 |   7856 |    176 |    291 |   6475 |   8 | 1004.0 |
        Temple |     30 |     30 |      0 |      0 |      0 |   1 |   30.0 |
               +--------+--------+--------+--------+--------+-----+--------+

Top non-repeatable levels by time:
     D:5: 1442 daAuts
     D:4: 1154 daAuts
     D:1: 1091 daAuts
     D:3: 993 daAuts
     D:2: 967 daAuts
     D:6: 860 daAuts
     D:8: 780 daAuts
     D:7: 741 daAuts
  Temple: 30 daAuts
